 Dungeon Crawl Stone Soup version 0.27.1-33-g824d729ab1 (webtiles) character file.

Game seed: 9184142048047141861

6013 pkoi the Grappler (level 10, -4/78 HPs)
             Began as a Purple Draconian Warper on Dec 5, 2021.
             Was a Believer of Dithmenos.
             Shot with a bolt by a yaktaur captain (27 damage)
             ... on level 9 of the Dungeon.
             The game lasted 00:27:10 (19719 turns).

pkoi the Grappler (Purple Draconian Warper)        Turns: 19719, Time: 00:27:10

Health: -4/78      AC:  8    Str: 14    XL:     10   Next: 56%
Magic:  14/16      EV: 13    Int: 17    God:    Dithmenos [**....]
Gold:   237        SH:  0    Dex: 10    Spells: 11/17 levels left

rFire    . . .     SeeInvis .     - Unarmed
rCold    . . .     Faith    .   (no shield)
rNeg     . . .     Spirit   .   (armour unavailable)
rPois    +         Reflect  .   (helmet restricted)
rElec    .         Harm     .   v - +0 cloak
rCorr    .         Rampage  .   (no gloves)
Will     +....                  (no boots)
Stlth    ++........             h - amulet of the acrobat
HPRegen  0.23/turn              q - ring of poison resistance
MPRegen  0.15/turn              t - ring of flight

@: flying, wreathed by umbra
A: breathe power, AC +7, unfitting armour, cold-blooded
a: Breathe Dispelling Energy, Renounce Religion, Shadow Step


You were on level 9 of the Dungeon.
You worshipped Dithmenos.
Dithmenos was pleased with you.
You visited 2 branches of the dungeon, and saw 10 of its levels.

You collected 375 gold pieces.
You spent 138 gold pieces at shops.

Inventory:

Hand Weapons
 d - a +2 scimitar of pain
 l - a +2 dagger of speed
 m - a +3 dagger of venom
 F - the +9 mace of Dried Tears {vorpal, rElec rPois Str+3}
   (You found it on level 7 of the Dungeon)

   It inflicts extra damage upon your enemies.
   Str:       It affects your strength (+3).
   rElec:     It insulates you from electricity.
   rPois:     It protects you from poison.
Missiles
 b - 5 boomerangs of dispersal
 i - 2 javelins
 n - 15 boomerangs
 o - 10 poisoned darts (quivered)
 y - 2 silver boomerangs
 H - 2 throwing nets
Armour
 v - a +0 cloak (worn)
Jewellery
 h - an amulet of the acrobat (around neck)
 q - a ring of poison resistance (left hand)
 t - a ring of flight (right hand)
 A - a ring of resist corrosion
Wands
 j - a wand of paralysis (2)
 k - a wand of iceblast (14)
 p - a wand of digging (9)
 I - a wand of polymorph (5)
Scrolls
 a - 5 scrolls of blinking
 e - 2 scrolls of teleportation
 w - 2 scrolls of holy word
 x - 3 scrolls of enchant armour
 J - a scroll of identify
Potions
 c - 6 potions of curing
 f - 3 potions of brilliance {unknown}
 g - 3 potions of might
 r - 3 potions of flight {unknown}
 s - a potion of cancellation
 u - a potion of haste
 z - a potion of lignification
 B - a potion of berserk rage
 C - 2 potions of degeneration {unknown}
 D - a potion of invisibility
 E - a potion of attraction
 G - a potion of heal wounds {unknown}


   Skills:
 - Level 3.8 Fighting
 - Level 0.8 Throwing
 + Level 5.5 Dodging
 + Level 1.1 Stealth
 * Level 10.1 Unarmed Combat
 - Level 4.3 Spellcasting
 + Level 9.8 Translocations
 - Level 4.2 Invocations


You had 11 spell levels left.
You knew the following spells:

 Your Spells              Type           Power      Damage    Failure   Level
a - Blink                 Tloc           N/A        N/A       1%          2
b - Gell's Gravitas       Tloc           18%        N/A       1%          3
c - Apportation           Tloc           74%        N/A       1%          1

Your spell library contained the following spells:

 Spells                   Type           Power      Damage    Failure   Level
 Lesser Beckoning         Tloc           18%        N/A       1%          3
 Teleport Other           Tloc           37%        N/A       1%          3
 Manifold Assault         Tloc           37%        N/A       8%          5
 Animate Skeleton         Necr           6%         N/A       16%         1
 Corona                   Hex            3%         N/A       16%         1
 Magic Dart               Conj           12%        1d3       16%         1
 Summon Small Mammal      Summ           12%        N/A       16%         1
 Searing Ray              Conj           6%         3d3       22%         2
 Call Canine Familiar     Summ           3%         N/A       41%         3
 Summon Guardian Golem    Hex/Summ       3%         N/A       41%         3
 Fulminant Prism          Conj/Hex       1%         3d6       83%         4
 Summon Ice Beast         Ice/Summ       3%         N/A       83%         4
 Summon Mana Viper        Hex/Summ       3%         N/A       99%         5
 Monstrous Menagerie      Summ           1%         N/A       100%        7


Dungeon Overview and Level Annotations

Branches:
Dungeon (9/15)             Temple (1/1) D:7            Lair (0/6) D:8
    Orc: D:9-12

Altars:
Ashenzari
Cheibriados
Dithmenos
Elyvilon
Fedhas
Gozag
Hepliaklqana
Nemelex Xobeh
Ru
Sif Muna
Uskayaw
Wu Jian
Xom
Yredelemnul
Zin
The Shining One

Shops:
D:1 *   D:8 ?


Innate Abilities, Weirdness & Mutations

You can breathe bolts of dispelling energy.
Your rich purple scales are hard. (AC +7)
You cannot fit into any form of body armour.
You are cold-blooded and may be slowed by cold attacks.


Message History

The yaktaur captain shoots a bolt.
The bolt closely misses you.
A yaktaur captain is nearby!
A yaktaur captain is nearby!
Your +3 dagger of venom begins to drip with poison!
m - a +3 dagger of venom (weapon)
The yaktaur captain unwields a +0 arbalest.
The yaktaur captain barely misses you.
You hit the yaktaur captain but do no damage.
The yaktaur captain is poisoned.
Your tail-slap misses the yaktaur captain.
The yaktaur captain hits you.
You hit the yaktaur captain.
The yaktaur captain looks as sick as possible!
Your tail-slap misses the yaktaur captain.
The yaktaur captain is lightly wounded.
The yaktaur captain hits you!!
You hit the yaktaur captain but do no damage.
The yaktaur captain looks as sick as possible!
The yaktaur captain is lightly wounded.
The yaktaur captain barely misses you.
Your +3 dagger of venom stops dripping with poison.
You are now empty-handed.
You punch the yaktaur captain!
Your tail-slap misses the yaktaur captain.
The yaktaur captain is moderately wounded.
The yaktaur captain hits you!
* * * LOW HITPOINT WARNING * * *
You punch the yaktaur captain! You tail-slap the yaktaur captain.
The yaktaur captain is heavily wounded.
The yaktaur captain hits you but does no damage.
You hit the yaktaur captain.
The yaktaur captain is heavily wounded.
The yaktaur captain hits you!
* * * LOW HITPOINT WARNING * * *
Casting: Blink (safe; 1% risk of failure)
Confirm with . or Enter, or press ? or * to list all spells.
You blink.
The yaktaur captain wields a +0 arbalest.
The yaktaur captain shoots a bolt.
The bolt hits you!!
You die...

#####
##...##
#ยง###.####
#c+ #.'.>#
#.###.#..#
###@..##..#
#.#####)..#
+.........#
#.........#
#.........#
#.........#
#######'###
##.# #..#


You could see a yaktaur captain (extremely poisoned).

Vanquished Creatures
  Pikel (D:5)
  A deep elf zephyrmancer (D:7)
  Maggie (D:6)
  Grinder (D:6)
  Prince Ribbit (D:6)
  Sigmund (D:4)
  3 yaks (D:8)
  A wyvern (D:8)
  A water moccasin (D:8)
  A sky beast (D:8)
  A black bear (D:8)
  An orc warrior (D:6)
  An ice beast (D:7)
  4 necrophages
  3 ogres
  3 centaurs
  2 wolves (D:8)
  A lemure (D:5)
  A bullfrog (D:8)
  3 gnoll sergeants (D:8)
  A water moccasin zombie (D:5)
  A wyvern zombie (D:6)
  9 killer bees
  A wight (D:4)
  A jelly (D:6)
  11 hounds
  Crazy Yiuf (D:2)
  2 orc priests
  A bullfrog skeleton (D:5)
  3 gnoll shamans (D:8)
  2 centaur skeletons
  Ijyb (D:3)
  Terence (D:2)
  2 iguanas
  7 orc wizards
  2 hound skeletons (D:4)
  Robin (D:2)
  24 gnolls
  A howler monkey skeleton (D:7)
  12 adders
  A white imp (D:6)
  An ufetubus (D:5)
  4 worms
  A dart slug (D:4)
  35 orcs
  4 ball pythons
  7 bats
  5 endoplasms
  2 giant cockroaches
  16 goblins
  7 hobgoblins
  8 jackals
  8 quokkas
  2 frilled lizards (D:1)
  7 kobolds
  4 rats
228 creatures vanquished.

Vanquished Creatures (collateral kills)
  A kobold (D:4)
1 creature vanquished.

Grand Total: 229 creatures vanquished

Notes
Turn   | Place    | Note
-------+----------+-------------------------------------------
     0 | D:1      | pkoi the Draconian Warper began the quest for the Orb.
     0 | D:1      | Reached XP level 1. HP: 17/17 MP: 3/3
     6 | D:1      | Noticed a redback
     6 | D:1      | Noticed an anaconda
     6 | D:1      | Noticed a rime drake
     7 | D:1      | Noticed a lindwurm
     7 | D:1      | Noticed a black bear
   324 | D:1      | Reached XP level 2. HP: 22/24 MP: 5/5
   760 | D:1      | Found Yhintiarch's Assorted Antiques.
  1765 | D:2      | Reached XP level 3. HP: 22/29 MP: 6/6
  1965 | D:2      | Learned a level 2 spell: Blink
  1969 | D:2      | Learned a level 3 spell: Gell's Gravitas
  2366 | D:2      | Noticed Robin
  2498 | D:2      | Reached skill level 3 in Unarmed Combat
  3115 | D:2      | Killed Robin
  3366 | D:2      | Noticed Terence
  3556 | D:3      | Noticed Ijyb
  3587 | D:3      | Killed Ijyb
  3588 | D:3      | Reached XP level 4. HP: 33/36 MP: 7/7
  4171 | D:3      | You fall into a shaft and drop 1 floor!
  4179 | D:4      | Reached XP level 5. HP: 35/41 MP: 5/8
  4713 | D:4      | Reached skill level 5 in Translocations
  4833 | D:4      | Reached XP level 6. HP: 13/48 MP: 1/10
  5288 | D:3      | Found a glowing golden altar of the Shining One.
  5991 | D:3      | Found a basalt altar of Yredelemnul.
  5994 | D:3      | Noticed a profane servitor
  6178 | D:3      | Noticed an angel
  6281 | D:4      | Reached skill level 4 in Unarmed Combat
  7050 | D:4      | Found a snail-covered altar of Cheibriados.
  7787 | D:5      | Entered Level 5 of the Dungeon
  7787 | D:5      | Noticed Sigmund
  7817 | D:4      | HP: 2/48 [something/magic dart (6)]
  8191 | D:5      | Your scales start taking on a rich purple colour.
  8191 | D:5      | Reached XP level 7. HP: 32/55 MP: 13/13
  8610 | D:5      | Reached skill level 5 in Unarmed Combat
  8855 | D:5      | Reached XP level 8. HP: 24/61 MP: 14/14
  9053 | D:5      | Found the +10 tower shield of Ignorance {rN+ Int-4}
  9278 | D:5      | Noticed Pikel
  9310 | D:5      | Killed Pikel
  9311 | D:5      | Reached skill level 6 in Unarmed Combat
  9597 | D:5      | Found a broken altar of Ashenzari.
  9810 | D:5      | Reached skill level 7 in Unarmed Combat
 10588 | D:6      | Noticed Prince Ribbit
 10603 | D:6      | Killed Prince Ribbit
 10604 | D:6      | Reached XP level 9. HP: 13/70 MP: 15/15
 11206 | D:6      | Noticed Grinder
 11230 | D:6      | Killed Grinder
 11629 | D:6      | Noticed Maggie
 12025 | D:7      | Found a staircase to the Ecumenical Temple.
 12053 | Temple   | Entered the Ecumenical Temple
 12071 | Temple   | Became a worshipper of Dithmenos the Shadowed
 12474 | Temple   | Reached skill level 8 in Unarmed Combat
 13232 | D:7      | Identified the +9 mace of Dried Tears {vorpal, rElec rPois
                  | Str+3}
 13242 | D:7      | Noticed a deep elf zephyrmancer
 13270 | D:7      | Killed a deep elf zephyrmancer
 13271 | D:7      | Reached skill level 1 in Invocations
 14145 | D:6      | Found a blossoming altar of Fedhas.
 14555 | D:6      | Killed Maggie
 14782 | D:6      | Learned a level 1 spell: Apportation
 14836 | D:8      | Found a sparkling altar of Nemelex Xobeh.
 14860 | D:8      | Reached skill level 9 in Unarmed Combat
 15159 | D:8      | Reached XP level 10. HP: 13/78 MP: 16/16
 15449 | D:8      | Found a sacrificial altar of Ru.
 15692 | D:8      | Found a shimmering blue altar of Sif Muna.
 16167 | D:8      | Found Nutzy's Magic Scroll Shop.
 16256 | D:8      | Bought 2 scrolls of identify for 48 gold pieces
 16258 | D:8      | Bought a scroll of blinking for 90 gold pieces
 16280 | D:8      | Reached skill level 5 in Dodging
 16367 | D:8      | Reached * piety under Dithmenos
 17221 | D:8      | Found a staircase to the Lair.
 17290 | D:8      | Found a hide-covered altar of Uskayaw.
 17294 | D:8      | Found an ornate altar of the Wu Jian Council.
 18214 | D:2      | Killed Terence
 18333 | D:2      | Found a runed translucent door.
 18334 | D:2      | Noticed Crazy Yiuf
 18379 | D:2      | Killed Crazy Yiuf
 18755 | D:4      | Killed Sigmund
 18756 | D:4      | Reached skill level 10 in Unarmed Combat
 19369 | D:6      | Found a shimmering altar of Xom.
 19369 | D:6      | You are sucked into a shaft and drop 3 floors!
 19372 | D:9      | Reached skill level 1 in Stealth
 19376 | D:9      | Reached ** piety under Dithmenos
 19390 | D:9      | HP: 3/78 [orc (6)]
 19709 | D:9      | Noticed a yaktaur captain
 19719 | D:9      | Shot with a bolt by a yaktaur captain

Illustrated notes

Levels and vault maps discovered:
D:1:      onia_arrival_zoo_common, layout_basic, serial_shops, shop
D:2:      layout_rooms, uniq_terence, uniq_crazy_yiuf_cottage, uniq_robin
D:3:      layout_basic, grunt_temple_overflow_holy_war, minmay_pentangle,
          uniq_ijyb
D:4:      layout_loops_cross, nicolae_overflow_crystal_walls,
          minmay_joined_circles
D:5:      layout_loops_cross, mainiacjoe_overflow_24_doors,
          minmay_fractal_squares_5, uniq_sigmund, uniq_pikel
D:6:      layout_loops_ring, mainiacjoe_overflow_alcove_4,
          mainiacjoe_overflow_cross_hatched, uniq_prince_ribbit1, uniq_grinder,
          uniq_maggie
D:7:      layout_layer_cave, minmay_temple_entry_overgrown,
          guppyfry_early_elven_hall
D:8:      layout_cave_pools, nicolae_ru_great_annihilating_truth,
          grunt_temple_overflow_open, lair_entry_dummy, serial_gnoll_camp,
          gnoll_camp_mini_sergeant, gnoll_camp_mini_shop, gnoll_camp_mini_basic,
          gnoll_camp_mini_hut, gnoll_camp_huts_basic, gnoll_camp_mini_doghouse
D:9:      layout_roguey, kennysheep_little_box, gammafunk_ghost_split,
          kennysheep_just_a_vault, uniq_harold
Temple:   zaba_magenta_temple

Skill      XL: |  1  2  3  4  5  6  7  8  9 10 |
---------------+-------------------------------+-----
Unarmed Combat | 3 4 5 7 9 10 | 10.1
Translocations | 4 5 6 7 8 9 |  9.8
Spellcasting   | 3 4 |  4.3
Dodging        | 3 4 5 |  5.5
Fighting       | 3 |  3.8
Invocations    | 2 4 |  4.2
Stealth        | 1 |  1.1
Throwing       | |  0.8

Action                   |  1- 3 |  4- 6 |  7- 9 | 10-12 || total
-------------------------+-------+-------+-------+-------++-------
Melee: Unarmed           |   163 |   308 |   258 |   194 ||   923
       Tailslap          |    25 |    33 |    30 |    18 ||   106
       Scimitar          |    20 |       |       |       ||    20
       Punch             |     3 |     8 |    10 |     9 ||    30
       Dagger            |       |    11 |    74 |    15 ||   100
       Mace              |       |       |    27 |     6 ||    33
Throw: Dart              |       |       |    13 |     7 ||    20
 Cast: Gell's Gravitas   |       |    15 |    15 |    35 ||    65
       Blink             |       |     3 |     7 |     2 ||    12
 Abil: Breathe Dispellin |       |       |     5 |     5 ||    10
Evoke: Wand              |     2 |       |       |       ||     2
  Use: Scroll            |     2 |     5 |     9 |     3 ||    19
       Potion            |       |       |       |     1 ||     1
 Stab: Paralysed         |    16 |       |       |     1 ||    17
Armor: Skin              |    53 |   121 |   105 |    59 ||   338
Dodge: Dodged            |   119 |   260 |   255 |   182 ||   816
       Rpst.: Scimitar   |     5 |       |       |       ||     5
